Cogmind - Beta 14 @@@ ROGUE MODE // 2024.09.29 @ 17:51:44 Player: Spoodle Result: Destroyed by D-53 Grenadier with Mini Grenade Launcher Performance ------------- Evolutions (0) 0 Regions Visited (2) 400 Robots Destroyed (24) 120 Value Destroyed (413) 413 Prototype IDs (2) 40 Alien Tech Used (0) 0 Bonus (0) 0 TOTAL SCORE: 973 Bonus ------- None Cogmind --------- Core Integrity 0/250 Matter 257/300 Energy 100/100 System Corruption 0% Temperature Cool (0) Movement Core (450) Ox8 Location -10/Mines Parts ------- > --- POWER (1) -------- (None) > --- PROPULSION (2) --- (None) > --- UTILITY (2) ------ Large Storage Unit Seismic Detector > --- WEAPON (2) ------- Light Cannon Light Cannon > --- INVENTORY (15) --- Light Ion Engine Light Treads Aluminum Leg Aluminum Leg Compact Wheel Heat Sink Medium Storage Unit Medium Laser Medium Laser Light Cannon Grenade Launcher Rocket Launcher Mining Laser Peak State ------------ > --- POWER ------------ Ion Engine > --- PROPULSION ------- Aluminum Leg Aluminum Leg > --- UTILITY ---------- Small Storage Unit Improved Terrain Scanner > --- WEAPON ----------- Medium Laser Medium Laser > --- INVENTORY -------- Light Ion Engine Light Treads Light Treads Compact Wheel Medium Laser Mining Laser [Rating: 9] Favorites ----------- Power Ion Engine Engine Ion Engine Propulsion Light Treads Treads Light Treads Leg Aluminum Leg Utility Seismic Detector Device Seismic Detector Storage Large Storage Unit Weapon Light Cannon Energy Gun Medium Laser Ballistic Gun Assault Rifle Ballistic Cannon Light Cannon Launcher Grenade Launcher Build | -11 -10 -10 ------- Run | Yrd Mat Min Slots Evolved . | . . . Power . | . . . Propulsion . | . . . Utility . | . . . Weapon . | . . . Parts Attached 26 | 8 15 3 Power 4 | 1 3 . Engine 4 | 1 3 . Core . | . . . Reactor . | . . . Propulsion 4 | 2 2 . Treads 2 | . 2 . Leg 2 | 2 . . Wheel . | . . . Hover . | . . . Flight . | . . . Utility 5 | 3 2 . Device 2 | 2 . . Storage 3 | 1 2 . Processor . | . . . Hackware . | . . . Protection . | . . . Artifact . | . . . Weapon 13 | 2 8 3 Energy Gun 5 | 2 3 . Energy Cannon . | . . . Ballistic Gun 1 | . 1 . Ballistic Cannon 5 | . 2 3 Launcher 2 | . 2 . Special Weapon . | . . . Impact Weapon . | . . . Slashing Weapon . | . . . Piercing Weapon . | . . . Special Melee Weapon . | . . . Unidentified Prototypes . | . . . Parts Lost 5 | . . 5 Power 1 | . . 1 Propulsion 2 | . . 2 Utility . | . . . Weapon 2 | . . 2 Highest Loss Streak 5 | . . 5 To Critical Strikes . | . . . Average Slot Usage (%) 99 | . 100 99 Engine 13 | . 14 13 Treads 20 | . 14 27 Leg 7 | . 13 . Device 14 | . 14 14 Storage 14 | . 14 14 Energy Gun 7 | . 13 . Ballistic Gun 2 | . 4 . Ballistic Cannon 17 | . 9 28 Peak Build Rating 9 | 9 8 8 Average Rating 7 | 6 7 7 On Entrance 5 | . 7 8 Naked Turns . | . . . Heaviest Build 32 | 15 31 32 Greatest Support 40 | 20 40 40 Greatest Overweight (x) 1 | . 1 1 Average Overweight (x) . | . . . Largest Inventory Capacity 15 | 8 15 15 Average Capacity 12 | 7 12 15 Most Carried 15 | 8 14 15 Average Carried 12 | 5 11 14 Final Capacity 15 | 8 15 15 Final Carried 14 | 7 14 13 Class Distribution -------------------- 100% | Mutant Dominant Class ---------------- Mutant | -10/Materials Mutant | -10/Mines Resources | -11 -10 -10 ----------- Run | Yrd Mat Min Matter Collected 582 | 280 234 68 Remotely . | . . . Salvage Created 583 | 124 369 90 Parts 40 | 14 21 5 Haulers Intercepted 2 | . 2 . Recyclers Shooed 1 | . 1 . Parts Field Recycled . | . . . Retrieved Matter . | . . . Parts Self-Destructed . | . . . Prevented . | . . . Kills | -11 -10 -10 ------- Run | Yrd Mat Min Combat Hostiles Destroyed 14 | . 10 4 Guns 4 | . 4 . Cannons 5 | . 1 4 AOE 5 | . 5 . Classes Destroyed 8 | 1 5 2 Worker 1 | . 1 . Tunneler 7 | 6 . 1 Hauler 2 | . 2 . Recycler 1 | . 1 . Swarmer 6 | . 6 . Grunt 6 | . 4 2 Demolisher 1 | . . 1 Assembled 1 | . . 1 Best Kill Streak 4 | 2 4 2 Combat Bots Only 3 | . 3 2 Max Kills in Single Turn 4 | 1 4 1 Gunslinging . | . . . Exploded 3 | . 3 . Melee . | . . . Uniques/NPCs Destroyed . | . . . Combat | -11 -10 -10 -------- Run | Yrd Mat Min Hostile Shots Fired 59 | . 32 27 Missed 10 | . 7 3 Damage Taken 1107 | . 268 839 Core 258 | . 15 243 Absorbed by Shields . | . . . Core Remaining (%) 100 | 100 . . Volleys Fired 60 | 14 34 12 Largest 2 | 2 2 2 Hottest 100 | 100 100 70 Shots Fired 106 | 28 54 24 Gun 69 | 28 41 . Cannon 34 | . 10 24 Launcher 3 | . 3 . Special . | . . . Kinetic 45 | . 21 24 Thermal 58 | 28 30 . Explosive 3 | . 3 . Electromagnetic . | . . . Robot Hit Streak 9 | 9 7 3 Robot Miss Streak 5 | 2 5 4 Penetration Max . | . . . Secondary Targets . | . . . Shots Hit Robots 63 | 19 33 11 Core Hits 30 | 7 17 6 Critical Kills . | . . . Critical Parts Destroyed . | . . . Critical Strikes 2 | . 1 1 Burn 1 | . 1 . Blast 1 | . . 1 Melee Attacks . | . . . Impact . | . . . Slashing . | . . . Piercing . | . . . Sneak Attacks . | . . . Combat Hostiles . | . . . Follow-up Attacks . | . . . Damage Inflicted 1315 | 240 849 226 Guns 570 | 240 330 . Cannons 326 | . 104 222 Explosions 368 | . 368 . Melee . | . . . Ramming 51 | . 47 4 Kinetic 403 | . 181 222 Thermal 493 | 240 253 . Explosive 368 | . 368 . Electromagnetic . | . . . Impact . | . . . Slashing . | . . . Piercing . | . . . Highest Corruption . | . . . Average Corruption . | . . . Corruption Purged . | . . . Corruption Blocked . | . . . Overload Shots . | . . . Overflow Damage 10 | . 10 . Projectiles . | . . . Explosions 10 | . 10 . Melee . | . . . Knockbacks 10 | . 4 6 Impact 1 | . 1 . Kinetic 9 | . 3 6 Secondary . | . . . Self-Inflicted Damage . | . . . Shots . | . . . Rammed 6 | . 5 1 Targets Rammed 10 | . 8 2 Kicked 2 | . 2 . Crushed 2 | . 1 1 Highest Temperature 162 | 120 162 75 Average Temperature 48 | 50 53 27 Received Heat Transfer 171 | . 123 48 Siege Activations . | . . . Robots Corrupted . | . . . Combat Hostiles . | . . . Parts Fried . | . . . Impact Corruptions . | . . . Robots Melted 1 | . 1 . Combat Hostiles . | . . . Parts Melted 3 | 1 2 . Heat Transferred 1517 | 703 814 . Parts Sabotaged . | . . . Parts Stolen . | . . . Parts Stripped . | . . . Power Chain Reactions . | . . . Alert | -11 -10 -10 ------- Run | Yrd Mat Min Peak Influence 334 | 30 334 83 Initial 28 | . 19 28 Average 91 | 13 152 43 Maximum Alert Level 1 | . 1 . Low Security (%) 78 | 100 54 100 Level 1 21 | . 45 . Level 2 . | . . . Level 3 . | . . . Level 4 . | . . . Level 5 . | . . . High Security . | . . . Max Security . | . . . Squads Dispatched 2 | . 2 . Investigation 2 | . 2 . Extermination . | . . . Reinforcement . | . . . Assault . | . . . Garrison . | . . . Intercept . | . . . Searches Triggered . | . . . Construction Impeded . | . . . Haulers Reinforced . | . . . Active Scanning Responses . | . . . Cargo Convoy Interrupts . | . . . Stealth | -11 -10 -10 --------- Run | Yrd Mat Min Distress Signals 1 | . 1 . Communications Jammed . | . . . Distress Signals . | . . . Times Spotted 22 | . 17 5 Peak Tracking Total 4 | . 4 2 Tactical Retreats . | . . . Traps | -11 -10 -10 ------- Run | Yrd Mat Min Traps Triggered . | . . . Indirectly . | . . . Trap Hack Attempts . | . . . Triggered . | . . . Disarmed . | . . . Reprogrammed . | . . . Reused . | . . . Traps Extracted . | . . . Installed . | . . . Triggered . | . . . Machines | -11 -10 -10 ---------- Run | Yrd Mat Min Machines Disabled 1 | . 1 . Max in Single Turn 1 | . 1 . Machines Repaired . | . . . Machines Dismantled . | . . . Machines Sabotaged . | . . . Overloaded Fab Kills . | . . . Hacking | -11 -10 -10 --------- Run | Yrd Mat Min Machines Accessed 9 | . 9 . Terminals 7 | . 7 . Fabricators . | . . . Repair Stations . | . . . Recycling Units 2 | . 2 . Scanalyzers . | . . . Garrison Access . | . . . Total Hacks 29 | . 29 . Successful 17 | . 17 . Failed 12 | . 12 . Catastrophic . | . . . Database Lockouts . | . . . Manual 20 | . 20 . Terminals 26 | . 26 . Fabricators . | . . . Repair Stations . | . . . Recycling Units 3 | . 3 . Scanalyzers . | . . . Garrison Access . | . . . Terminal Hacks 7 | . 7 . Record 1 | . 1 . Robot Analysis 1 | . 1 . Prototype ID Bank 1 | . 1 . Locate Traps 2 | . 2 . Hauler Manifests 1 | . 1 . Zone Layout 1 | . 1 . Fabricator Hacks . | . . . Repair Station Hacks . | . . . Recycling Unit Hacks . | . . . Scanalyzer . | . . . Garrison Access Hacks . | . . . Unauthorized Hacks 10 | . 10 . Terminals 8 | . 8 . Botnet 2 | . 2 . Operators 1 | . 1 . Skim 5 | . 5 . Fabricators . | . . . Repair Stations . | . . . Recycling Units 2 | . 2 . Tunnel 2 | . 2 . Scanalyzers . | . . . Garrison Access . | . . . Data Cores Recovered . | . . . Used . | . . . Hacking Detections 6 | . 6 . Full Trace Events . | . . . Feedback Events . | . . . Feedback Blocked . | . . . Robot Schematics Acquired . | . . . Robots Built . | . . . Authchips . | . . . Time . | . . . Total Robot Build Rating . | . . . Part Schematics Acquired . | . . . Parts Built . | . . . Authchips . | . . . Time . | . . . Total Part Build Rating . | . . . Parts Repaired . | . . . Time . | . . . Parts Recycled . | . . . Recycled Matter . | . . . Retrieved Matter . | . . . Retrieved Components . | . . . Parts Scanalyzed . | . . . Part Schematics Acquired . | . . . Parts Damaged . | . . . Bothacking | -11 -10 -10 ------------ Run | Yrd Mat Min Used RIF Installer . | . . . Robots Hacked . | . . . Non-combat . | . . . Combat . | . . . Robot Hacks Applied . | . . . Relay Couplers Released . | . . . Fabnet Peak Effective % . | . . . Robots Rewired . | . . . Allies Hacked . | . . . Hacks Repelled . | . . . Allies | -11 -10 -10 -------- Run | Yrd Mat Min Total Allies . | . . . Largest Group . | . . . Highest-Rated Group . | . . . Highest-Rated Ally . | . . . Total Orders . | . . . Ally Attacks . | . . . Total Damage . | . . . Kills . | . . . Allies Corrupted . | . . . Allies Melted . | . . . Intel | -11 -10 -10 ------- Run | Yrd Mat Min Robot Analysis Total 1 | . 1 . Derelict Logs Recovered . | . . . Drone Launches . | . . . Drone Recoveries . | . . . Exploration | -11 -10 -10 ------------- Run | Yrd Mat Min Turns Passed 1784 | 249 860 675 Spaces Moved 782 | 143 510 129 Core 4 | 4 . . Treads 369 | . 240 129 Legs 409 | 139 270 . Wheels . | . . . Hover . | . . . Flight . | . . . Fastest Speed 50 | 50 120 160 Average Speed 138 | 118 139 160 Slowest Speed 240 | 120 190 240 Overloaded Moves . | . . . Propulsion Burnouts . | . . . Robots Hopped . | . . . Cave-ins Triggered . | . . . Exploration Rate (%) 38 | 4 93 19 Regions Visited 2 Branch Regions 1 Pre-discovered Areas 3 | . 3 . Known Exits Taken . | . . . Unknown Exits Taken 2 | 1 1 . Scrap Searched . | . . . Spaces Dug . | . . . Terrain Destroyed 16 | . 16 . Melee . | . . . Projectile . | . . . AOE 16 | . 16 . Terrain Rammed . | . . . Walls Destroyed . | . . . Machines Disabled . | . . . Actions | -11 -10 -10 --------- Run | Yrd Mat Min Total 1362 | 192 598 572 Wait 458 | 19 16 423 Move 780 | 142 509 129 Hop . | . . . Pick Up 19 | 7 10 2 Fast Attach 9 | 8 1 . Attach 2 | . . 2 Detach 1 | 1 . . Swap 15 | . 14 1 Drop 8 | 1 6 1 Fire 60 | 14 34 12 Melee . | . . . Ram . | . . . Kick 2 | . 2 . Crush 8 | . 6 2 Escape Stasis . | . . . Rewire . | . . . Trap . | . . . Miscellaneous . | . . . Route ------- -11/Scrapyard -10/Materials (discovered 6 exits: *Mat x3 / [*Min x2] / Sub) -10/Mines (discovered 2 exits: Mat x2) History --------- Turn | Location | Event 5 | -11/Scrapyard | Discovered new exit (range 14) 250 | -11/Scrapyard | Entered Materials 318 | -10/Materials | Build established: Mutant 397 | -10/Materials | Discovered new exit (range 14) 425 | -10/Materials | Discovered new exit (range 16) 516 | -10/Materials | Discovered new exit (range 15) 565 | -10/Materials | Discovered new exit (range 16) 720 | -10/Materials | Identified exit to Subcaves 720 | -10/Materials | Identified exit to Materials 846 | -10/Materials | Learned location of Mines (-9) 895 | -10/Materials | Learned Storage stockpile data 936 | -10/Materials | Learned location of 1 exit from Storage 969 | -10/Materials | Learned Storage emergency access door positions 992 | -10/Materials | Learned location of 2 exits from Mines 1025 | -10/Materials | Learned 4 Subcaves zone layouts 1110 | -10/Materials | Entered Mines 1161 | -10/Mines | Received a Rocket Launcher from a helpful Derelict 1221 | -10/Mines | Assembled infested the area 1226 | -10/Mines | Assisted by a Guerilla fighting off Assembled 1767 | -10/Mines | Core integrity fell below 50% 1773 | -10/Mines | Core integrity fell below 20% 1785 | -10/Mines | Destroyed by D-53 Grenadier with Mini Grenade Launcher Last Messages --------------- 01231_ K-01 Serf collects debris. 01241_ Slammed into K-01 Serf. 01598_ as-01212 knocked back. 01601_ as-01212 suffers critical hit (Blast). 01601_ as-01212 destroyed. 01604_ Acquired 9 matter. 01606_ Acquired 4 matter. 01642_ Acquired 3 matter. 01761_ The unstable cave ceiling collapses. 01764_ Lgt. Treads destroyed. 01764_ D-53 Grenadier knocked back. 01766_ Ion Engine destroyed. 01766_ Lgt. Cannon destroyed. 01768_ D-53 Grenadier knocked back. 01770_ Lgt. Cannon destroyed. 01772_ D-53 Grenadier destroyed. 01775_ The unstable cave ceiling collapses. 01783_ D-53 Grenadier knocked back. 01785_ The unstable cave ceiling collapses. 01785_ Lgt. Treads destroyed. Map ----- +----------------------------------------------------+ | ?????????????????????????????????????????????????? | | ?????????????????????????????????????????????????? | | ?????????????????????????????????????????????????? | | ?????????????????????????????????????????????????? | | ?????????????????????????????????????????????????? | | ?????????????????????????????????????????????????? | | ?????????????????????????????????????????????????? | | ?????????????????????? ""????????????????????????? | | ?????????????????????? ????????????????????????? | | ?????????????????????? ????????????????????????? | | ??????????????????????# ????????###?????????????? | | ??????????????????????# ###????# ##????????????? | | ??????????????????????# ##??? ##???????????? | | ??????????????????????? #?? #???????????? | | ??????????????????????? #?# #??????????? | | ??????????????????????? ## #??????????? | | ???????????????????????# ??????????? | | ???????????????????????# ?????????? | | ??????????????????????## % ?????????? | | ?????????????????????## %d % ????????? | | ?????????????????????# ????????? | | ????????????????????## % ????????? | | ????????????????????# % ! ????????? | | ????????????????????# # ## #????????? | | ??????????????####??# #???????????????? | | ?????????????## ##?# @ #?????????????????? | | ????????????## ### # #?????????????????? | | ????????????# ## #?????????????????? | | ????????????# #! #?????????????????? | | ???????????## # #?????????????????? | | ??????????## =[% #####! ##????????????????? | | ??????????# #??# #????????????????? | | ??????????# ## #??# #????????????????? | | ??????????## ##### ####??#% ##????????????????? | | ???????????# #???#####?##### #?????????????????? | | ??????????# ?????????# #?????????????????? | | ????????? ?????????# #?????????????????? | | ????????## ????????# #####?????????????????? | | ?????????## ?????#### #?????????????????????? | | ??????????# #???## #?????????????????????? | | ??????????## ###???# ##????????????????????? | | ???????????###??????# #????????????????????? | | ????????????????????# ####????????????????????? | | ????????????????????## ##???????????????????????? | | ?????????????????????####????????????????????????? | | ?????????????????????????????????????????????????? | | | | | | | | | +----------------------------------------------------+ Best States ------------- Heat Dissipation 25 Energy Generation 10 Energy Capacity 250 Matter Stores 300 Matter Capacity 300 Sight Range 16 Terrain Scan Range 16 Terrain Scan Density 10 Evasion (%) 55 Recoil Reduction 2 Item Schematics ----------------- None Robot Schematics ------------------ None Fabricated ------------ Nothing Alien Tech Used ----------------- None Achievements -------------- None Challenges ------------ None Game ------ Seed HeatZhirovBoregun Manual? 0 Play Time 00:12:53 Cumulative 239.3 hours Start 2024.09.29 @ 16:39:55 End 2024.09.29 @ 17:51:44 Sessions 4 Manual Loads 0 Difficulty Rogue Special Mode None Game No. 110 Rogue 110 Adventurer 0 Explorer 0 Win Type - Total 8 Types 5/0/2/1/0/0/0/0/0 Lore% 72 Gallery% 71 Achievement% 62 Wizard Run 0 Options --------- Layout 0 ASCII 0 Keyboard 1 Movement Numpad Keybinds 0 Fullscreen 2 Font 18/SmallcapsGlow Map View 76x50 Zoom Use 0% Tactical HUD 1 Map Filters NONE Filters NONE Steam 1 RUN: 87bdb496-2c1d-4dd7-abfd-10ae4a710dae